 Dungeon Crawl Stone Soup version 0.17-a0-755-g4391640 (webtiles) character file.

859 namelastname112 the Skirmisher (level 7, -2/64 HPs)
             Began as a Mottled Draconian Wanderer on Apr 22, 2015.
             Was an Initiate of Gozag.
             Slain by an anaconda skeleton (9 damage)
             ... on level 1 of the Abyss.
             The game lasted 00:14:16 (5953 turns).

namelastname112 the Skirmisher (DrWn)               Turns: 5953, Time: 00:14:17

Health: -2/64      AC:  8    Str: 13    XL:     7   Next: 71%
Magic:  10/10      EV: 14    Int: 13    God:    Gozag
Gold:   255        SH:  0    Dex: 13    Spells: 0 memorised, 10 levels left

rFire  . . .     SeeInvis .     q - +2 dagger (speed)
rCold  . . .     Clarity  .     (armour unavailable)
rNeg   . . .     SustAb   .     (no shield)
rPois  .         Gourm    .     (helmet restricted)
rElec  .         Spirit   .     p - +1 cloak
rCorr  .         Warding  .     (no gloves)
rMut   +         Stasis   .     (no boots)
MR     .....                    j - amulet of resist mutation
Stlth  +.........               (no ring)
                                i - +2 ring of evasion

@: about to teleport, constricted, not resistant to hostile enchantments, very
unstealthy
A: breathe sticky flame splash, unfitting armour, cold-blooded, AC +6
a: Breathe Sticky Flame, Potion Petition, Call Merchant, Bribe Branch, Renounce
Religion


You were on level 1 of the Abyss.
You worshipped Gozag.
Gozag was noncommittal.
You were not hungry.

You visited 1 branch of the dungeon, and saw 4 of its levels.
You visited the Abyss 1 time.
You also visited: Sewer.

You collected 360 gold pieces.
You paid 105 gold pieces to Gozag.

Inventory:

Hand weapons
 q - a +2 dagger of speed (weapon)
Missiles
 a - 4 throwing nets (quivered)
Armour
 p - a +1 cloak (worn)
Jewellery
 i - a +2 ring of evasion (left hand)
 j - an amulet of resist mutation (around neck)
 n - a +4 ring of dexterity {unknown}
Magical devices
 s - a wand of invisibility (0)
Scrolls
 d - a scroll of enchant weapon
 f - 6 scrolls of identify
 l - 2 scrolls of remove curse
 m - 2 scrolls of blinking
Potions
 g - a potion of poison {unknown}
 h - a potion of invisibility {unknown}
 k - a potion of curing
 o - a potion of haste {unknown}
 r - a potion of brilliance {unknown}
 t - a potion of might {unknown}
 u - a potion of ambrosia {unknown}
Books
 b - Seunecwu's Grimoire of Attacks

   Spells                             Type                      Level
   a - Magic Dart                     Conjuration                  1
   b - Throw Flame                    Conjuration/Fire             2
Comestibles
 e - 4 bread rations


   Skills:
 + Level 6.4 Fighting
   Level 2.0 Long Blades
 + Level 5.8 Dodging
   Level 2.0 Shields
 - Level 2.0 Spellcasting
   Level 1.0 Conjurations
   Level 2.0 Ice Magic


You had 10 spell levels left.
You didn't know any spells.

Dungeon Overview and Level Annotations

Branches:
Dungeon (4/15)
 Temple: D:4-7

Altars:
Dithmenos
Gozag
Trog
Yredelemnul
The Shining One

Annotations:
D:4 Edmund


Innate Abilities, Weirdness & Mutations

You can spit globs of burning liquid.
You can ignite nearby creatures when you spit burning liquid.
Your weird mottled scales are hard (AC +6).
Your body does not fit into most forms of armour.
You are cold-blooded and may be slowed by cold attacks.


Message History

A chorus of shrieks assaults your mind.
* * * LOW HITPOINT WARNING * * *
The anaconda skeleton misses you. The anaconda skeleton constricts you.
A starcursed mass splits.
Drink which item? (? for menu, Esc to quit)
You feel better.
The anaconda skeleton bites you but does no damage.
* * * LOW HITPOINT WARNING * * *
The anaconda skeleton constricts you.
A starcursed mass splits.
A starcursed mass splits. x2
Read which item? (? for menu, Esc to quit)
As you read the scroll of teleportation, it crumbles to dust.
You feel strangely unstable.
You feel the power of the Abyss delaying your translocation.
The anaconda skeleton bites you but does no damage.
* * * LOW HITPOINT WARNING * * *
The anaconda skeleton constricts you.
A starcursed mass splits.
The anaconda skeleton bites you!
You die...
Your body crumbles into a pile of gold.

###### ##.#
# ##.#.## .
#. ####.#.#
. . #.
##..#@#####
# . # #.
.#XZ...## .
....
#.#.X###.#.#
# #.. .
#.XX#.###...
. # #..
..XX## ..###
. ..
.#.##### #
.. #. ...#..
..# .# # #
.##. ..#..#
.. .##...#


You could see 6 starcursed masses and an anaconda skeleton.

Vanquished Creatures
  Sigmund (D:4)
  The ghost of Viceroy the Chucker, an average OgHu (D:3)
  An ogre (D:4)
  3 big kobolds (Sewer)
  A hound (D:4)
  An iguana (D:4)
  3 worker ants (D:4)
  2 orc wizards (D:4)
  5 adders
  A worm (D:4)
  An adder skeleton (D:4)
  4 giant geckos
  3 orcs (D:4)
  6 giant cockroaches
  6 hobgoblins
  19 jackals
  A quokka (D:4)
  3 ball pythons
  6 bats
  3 giant newts
  13 goblins
  7 kobolds
  17 rats
108 creatures vanquished.

Notes
Turn   | Place    | Note
--------------------------------------------------------------
     0 | D:1      | namelastname112, the Draconian Wanderer, began the quest for the Orb.
     0 | D:1      | namelastname112 set off with: 4 throwing nets, Seunecwu's Grimoire of Attacks, a scroll of teleportation, a +0 club, a bread ration
     0 | D:1      | Reached XP level 1. HP: 14/14 MP: 3/3
     0 | D:1      | Identified Seunecwu's Grimoire of Attacks
   437 | D:1      | Reached skill level 1 in Fighting
   440 | D:1      | Reached XP level 2. HP: 12/23 MP: 5/5
  1034 | D:1      | Reached XP level 3. HP: 19/29 MP: 6/6
  1743 | D:2      | Reached XP level 4. HP: 32/37 MP: 7/7
  1963 | D:2      | Found a glowing golden altar of the Shining One.
  1964 | D:2      | Found a shadowy altar of Dithmenos.
  2018 | D:3      | Noticed Viceroy's ghost (average OgHu)
  2187 | D:3      | Reached skill level 3 in Dodging
  2398 | D:3      | Found a basalt altar of Yredelemnul.
  2563 | D:3      | Killed Viceroy's ghost
  2563 | D:3      | Reached XP level 5. HP: 16/46 MP: 8/8
  2832 | D:4      | Reached skill level 4 in Fighting
  2859 | D:4      | Noticed an ogre
  2880 | D:4      | Killed an ogre
  2880 | D:4      | Reached XP level 6. HP: 46/53 MP: 9/9
  3055 | D:4      | Noticed Sigmund
  3082 | D:4      | Found a glowing drain.
  3092 | Sewer    | Entered a sewer
  3281 | Sewer    | Reached skill level 5 in Fighting
  3440 | Sewer    | Reached skill level 5 in Dodging
  3440 | Sewer    | Your scales start taking on a weird mottled colour.
  3440 | Sewer    | Reached XP level 7. HP: 18/61 MP: 10/10
  3858 | D:4      | HP: 3/61 [something/puff of flame (9)]
  3870 | D:3      | Found an opulent altar of Gozag.
  3870 | D:3      | Found a bloodstained altar of Trog.
  4156 | D:3      | Became a worshipper of Gozag Ym Sagoz the Greedy
  4193 | D:4      | Killed Sigmund
  4193 | D:4      | Reached skill level 6 in Fighting
  5009 | D:4      | Noticed Edmund
  5865 | D:4      | Cast into the Abyss (Edmund)
  5865 | Abyss:1  | Found a corrupted altar of Lugonu.
  5943 | Abyss:1  | Noticed an anaconda skeleton
  5949 | Abyss:1  | Noticed a starcursed mass
  5953 | Abyss:1  | Slain by an anaconda skeleton

Action                   |  1- 3 |  4- 6 |  7- 9 || total
-------------------------+-------+-------+-------++-------
Melee: Club              |   146 |       |       ||   146
       Dagger            |   127 |   352 |   174 ||   653
Invok: Potion Petition   |       |       |     1 ||     1
 Abil: Breathe Sticky Fl |       |       |     8 ||     8
Evoke: Wand              |       |     2 |       ||     2
  Use: Scroll            |       |     9 |     2 ||    11
       Potion            |       |     3 |     3 ||     6
 Stab: Sleeping          |     1 |     1 |       ||     2
       Invisible         |       |     7 |       ||     7
  Eat: Chunk             |     3 |     2 |       ||     5
       Meat ration       |       |     1 |       ||     1
       Fruit             |       |       |     3 ||     3
       Pizza             |       |       |     2 ||     2
       Bread ration      |       |       |     1 ||     1
